 Dungeon Crawl Stone Soup version 0.31.0-32-g396128a36d (webtiles) character file.

Game seed: 16984371632131064950

57869 chippings the Carver (level 14, 0/119 HPs)
             Began as a Red Draconian Wanderer on Mar 21, 2024.
             Was the Champion of Zin.
             Slain by a dire elephant (21 damage)
             ... on level 4 of the Lair of Beasts.
             The game lasted 00:59:26 (15632 turns).

chippings the Carver (Red Draconian Wanderer)      Turns: 15632, Time: 00:59:26

Health: 0/119      AC: 13    Str: 12    XL:     14   Next: 47%
Magic:  20/22      EV: 21    Int: 12    God:    Zin [******]
Gold:   1083       SH:  0    Dex: 28    Spells: 5/15 levels left

rFire   + . .        b - +1 long sword (flame)
rCold   + . .        (no shield)
rNeg    . . .        (body armour unavailable)
rPois   +            (helmet restricted)
rElec   .            J - +2 cloak {rPois}
rCorr   .            s - +0 pair of gloves of Yturuisa {rC+ Dex+3 Stlth+}
SInv    .            g - +0 pair of boots
Will    +....        n - amulet of regeneration
Stlth   +++          l - +6 ring of dexterity
HPRegen 1.19/turn    (no ring)
MPRegen 0.18/turn

%: no passive effects
@: short of breath, on blink cooldown, very slow
A: breathe fire, AC +8, unfitting armour, fire resistance 1, cold-blooded
a: Breathe Fire, Renounce Religion, Recite, Vitalisation, Imprison, Sanctuary,
Donate Gold


You were on level 4 of the Lair of Beasts.
You worshipped Zin.
Zin was exalted by your worship.
You visited 3 branches of the dungeon, and saw 16 of its levels.
You also visited: Bailey.

You collected 1201 gold pieces.
You donated 118 gold pieces to Zin.

Inventory:

Hand Weapons
 b - a +1 long sword of flaming (weapon)
 f - a +2 long sword of freezing
 Q - a +0 great sword
Missiles
 j - 4 atropa-tipped darts (quivered)
 q - 5 curare-tipped darts
 r - 4 throwing nets
Armour
 g - a +0 pair of boots (worn)
 s - the +0 pair of gloves of Yturuisa (worn) {rC+ Dex+3 Stlth+}
   (You found it on level 3 of the Dungeon)

   Dex+3:     It affects your dexterity (+3).
   rC+:       It protects you from cold.
   Stlth+:    It makes you more stealthy.
 y - a scarf of repulsion
 J - a +2 cloak of poison resistance (worn)
 S - a +2 buckler
Jewellery
 l - a +6 ring of dexterity (left hand)
 n - an amulet of regeneration (around neck)
Wands
 h - a wand of flame (44)
 w - a wand of charming (21)
 x - a wand of iceblast (21)
 R - a wand of quicksilver (11)
Scrolls
 d - 3 scrolls of blinking
 e - 6 scrolls of amnesia
 i - a scroll of fear {unknown}
 k - 4 scrolls of noise
 o - 3 scrolls of teleportation
 t - 2 scrolls of fog
 u - 5 scrolls of revelation {unknown}
 v - 2 scrolls of vulnerability
 C - 4 scrolls of summoning
 D - 7 scrolls of enchant weapon
 E - a scroll of enchant armour
 H - 2 scrolls of immolation
 L - 2 scrolls of poison
Potions
 a - 5 potions of brilliance
 c - 2 potions of might
 m - a potion of magic {unknown}
 p - a potion of mutation
 z - 4 potions of heal wounds {unknown}
 B - 2 potions of invisibility {unknown}
 F - 6 potions of haste
 G - 2 potions of curing {unknown}
 I - 6 potions of enlightenment {unknown}
 K - 2 potions of lignification {unknown}
 N - a potion of berserk rage
 O - a potion of ambrosia {unknown}
 P - a potion of cancellation
Miscellaneous
 M - a lightning rod (4/4)


   Skills:
 + Level 9.8 Fighting
 - Level 1.0(7.5) Short Blades
 + Level 11.8 Long Blades
 - Level 6.0 Polearms
 + Level 9.3 Dodging
 - Level 8.0 Stealth
 - Level 1.0 Spellcasting
 + Level 9.5 Translocations
 + Level 11.5 Invocations
 - Level 4.0 Evocations


You had 5 spell levels left.
You knew the following spells:

 Your Spells              Type           Power      Damage    Failure   Level
a - Blink                 Tloc           46%        N/A       1%          2
b - Lesser Beckoning      Tloc           46%        N/A       1%          2
c - Momentum Strike       Conj/Tloc      24%        3d8       6%          2
d - Manifold Assault      Tloc           23%        N/A       6%          4

Your spell library contained the following spells:

 Spells                   Type           Power      Damage    Failure   Level
 Apportation              Tloc           46%        N/A       1%          1
 Foxfire                  Conj/Fire      0%         2x1d4     30%         1
 Necrotise                Necr           0%         1d4       30%         1
 Sandblast                Erth           0%         2d4       30%         1
 Sting                    Conj/Alch      0%         1d3       30%         1
 Summon Small Mammal      Summ           0%         N/A       30%         1
 Dimensional Bullseye     Hex/Tloc       6%         N/A       38%         4
 Iskenderun's Mystic Bla  Conj/Tloc      12%        2d5       38%         4
 Jinxbite                 Hex            0%         N/A       41%         2
 Sublimation of Blood     Necr           0%         N/A       41%         2
 Passwall                 Erth           0%         N/A       65%         3
 Stone Arrow              Conj/Erth      0%         3d7       65%         3
 Tukima's Dance           Hex            0%         N/A       65%         3
 Brom's Barrelling Bould  Conj/Erth      0%         2d3       96%         4
 Olgreb's Toxic Radiance  Alch           0%         N/A       96%         4
 Petrify                  Alch/Erth      0%         N/A       96%         4
 Alistair's Intoxication  Alch           0%         N/A       100%        5
 Irradiate                Conj/Alch      0%         3d11      100%        5
 Dispersal                Tloc           11%        N/A       67%         6
 Conjure Ball Lightning   Conj/Air       0%         3x3d6     100%        6
 Plasma Beam              Fire/Air       0%         2x1d10    100%        6
 Starburst                Conj/Fire      0%         6d3       100%        6
 Ozocubu's Refrigeration  Ice            0%         4d7       100%        7
 Discord                  Hex            0%         N/A       100%        8
 Disjunction              Tloc           11%        N/A       100%        8


Dungeon Overview and Level Annotations

Branches:
Dungeon (11/15)            Temple (1/1) D:7            Lair (4/5) D:11
 Shoals (0/4) Lair:2        Snake (0/4) Lair:3          Orc (0/2) D:11
 Bailey (visited)
  Slime: Lair:4-5

Altars:
Ashenzari
Cheibriados
Dithmenos
Elyvilon
Fedhas
Gozag
Hepliaklqana
Kikubaaqudgha
Makhleb
Nemelex Xobeh
Okawaru
Qazlal
Ru
Sif Muna
Trog
Uskayaw
Vehumet
Wu Jian
Xom
Yredelemnul
Zin
The Shining One

Shops:
D:4 =   D:6 *

Portals:
Trove: D:11 (give 18 potions of curing)

Annotations:
D:9 2 transporters, seawaffle's ghost, journeyman MiFi
D:10 2 runed translucent doors, Zrthp's ghost, journeyman HOMo


Innate Abilities, Weirdness & Mutations

You can breathe blasts of fire.
Your fiery red scales are hard. (AC +8)
You cannot fit into any form of body armour.
Your flesh is heat resistant. (rF+)
You are cold-blooded and may be slowed by cold attacks.


Message History

The catoblepas misses you.
Aiming: Breathe Fire (1% risk of failure)
Press: ? - help, Shift-Dir - straight line, p - catoblepas You breathe a blast of fire.
The fiery breath hits the catoblepas!
The catoblepas is moderately wounded.
The catoblepas is engulfed in blazing flames.
The catoblepas gores you!!
Unknown command.
Unknown command.
You completely miss the catoblepas.
You tail-slap the catoblepas, but do no damage.
The catoblepas is heavily wounded.
The catoblepas is engulfed in blazing flames.
The catoblepas gores you!!
You slash the catoblepas! You burn the catoblepas.
The catoblepas is severely wounded.
The catoblepas gores you.
You hit the catoblepas but do no damage.
You tail-slap the catoblepas, but do no damage.
The catoblepas is heavily wounded.
Your unstable footing causes you to fumble your attack.
The catoblepas is engulfed in blazing flames.
The catoblepas completely misses you.
You slash the catoblepas! You burn the catoblepas.
The catoblepas is almost dead.
The catoblepas is engulfed in blazing flames.
You kill the catoblepas!
You barely miss the dire elephant.
You tail-slap the dire elephant, but do no damage.
The dire elephant is engulfed in blazing flames.
The dire elephant tramples you!!
* * * LOW HITPOINT WARNING * * *
You stumble backwards!
Splash!
Casting: Lesser Beckoning (safe; 1% risk of failure)
Confirm with . or Enter, or press ? or * to list all spells.
You blink.
Splash!
The dire elephant tramples you!!
You die...

#≈~≈## #≈≈~♣♣♣......
#~≈## #♣~P♣♣♣....~~
#†~## ♣~≈~♣♣~.~~~~~
#≈~~###♣♣~≈~♣~~~~~≈≈
##≈~≈##.♣≈~~♣~~≈≈≈≈≈
###~~#.♣~~~♣♣~≈≈≈≈≈≈
#8##§##♣~≈~♣♣≈≈≈~~~≈
#≈~Y~###≈~≈≈≈≈≈~.~~~
#~~@## #~≈≈≈≈≈≈~..~~
#°### #~~≈≈≈≈~.....
#~~# #♣♣~~~~~......
#~~≈≈##.♣.~~~.......
#~..≈#.#............
#.)(.##♣♣........P♣♣
#♣!)♣## ♣♣.....♣♣♣♣
#### ♣♣♣♣♣♣♣


You could see a dire elephant.

Vanquished Creatures
  4 hydras
  2 catoblepae (Lair:4)
  2 boulder beetles
  A two-headed ogre (D:11)
  Amaemon (Lair:3)
  A lindwurm (Lair:4)
  2 orc knights (Bailey)
  3 oklob plants
  A deep elf pyromancer (D:11)
  A manticore (D:11)
  An ugly thing (D:11)
  Maurice (D:8)
  A salamander (Lair:3)
  2 black mambas
  A water nymph (Lair:2)
  Maggie (Lair:2)
  A torpor snail (Lair:3)
  An orange demon (Lair:3)
  9 cane toads
  2 rime drakes
  An unseen horror (D:10)
  6 komodo dragons
  Psyche (D:8)
  A troll (D:11)
  3 polar bears
  A hornet (D:10)
  Prince Ribbit (D:6)
  A dream sheep (Lair:4)
  12 blink frogs
  A shadow (D:11)
  37 yaks
  4 wyverns
  2 steam dragons
  A wraith (D:11)
  A basilisk (Lair:2)
  A two-headed ogre zombie (D:11)
  8 water moccasins
  2 acid dragons (D:10)
  10 orc warriors
  An ice beast (D:6)
  3 sky beasts
  3 black bears
  2 ogres
  19 wolves
  4 centaurs
  5 phantoms
  18 bullfrogs
  11 wights
  7 killer bees
  An electric eel (Lair:4)
  6 howler monkeys
  A crimson imp (D:7)
  3 lava snakes (Lair:3)
  2 hounds
  2 jellies
  11 orc priests
  Crazy Yiuf (D:7)
  A gnoll bouda (D:7)
  2 iguanas (D:5)
  8 orc wizards
  Ijyb (D:4)
  A statue (D:11)
  7 ogre zombies (D:11)
  Robin (D:4)
  7 gnolls
  8 adders
  2 white imps
  2 ufetubi (D:7)
  2 dart slugs (D:3)
  3 ribbon worms
  43 orcs
  10 ball pythons
  7 bats
  10 endoplasms
  6 giant cockroaches
  14 goblins
  9 hobgoblins
  5 jackals
  3 quokkas
  3 frilled lizards
  4 gnoll skeletons (D:11)
  2 gnoll zombies (D:11)
  4 kobolds
  5 orc skeletons (D:11)
  14 orc zombies (D:11)
  7 rats
423 creatures vanquished.

Vanquished Creatures (others)
  An orc warrior (Bailey)
1 creature vanquished.

Grand Total: 424 creatures vanquished

Notes
Turn   | Place    | Note
-------+----------+-------------------------------------------
     0 | D:1      | chippings the Draconian Wanderer began the quest for the
                  | Orb.
     0 | D:1      | chippings set off with the following items: a +2 spear, a
                  | +0 short sword, a wand of polymorph (5), a scroll of
                  | blinking.
     0 | D:1      | Reached XP level 1. HP: 14/14 MP: 2/2
   168 | D:1      | Reached skill level 1 in Fighting
   278 | D:1      | Reached XP level 2. HP: 23/23 MP: 3/3
   969 | D:2      | Reached XP level 3. HP: 29/29 MP: 4/4
  1519 | D:2      | Reached XP level 4. HP: 37/37 MP: 5/5
  1989 | D:3      | Identified the +0 pair of gloves of Yturuisa {rC+ Dex+3
                  | Stlth+}
  2080 | D:3      | Identified the +2 robe "Kymajub" {rF+ rN+ Will- Str+6}
  2090 | D:3      | Found a blossoming altar of Fedhas.
  2500 | D:4      | Noticed a bullfrog
  2506 | D:4      | Killed a bullfrog
  2507 | D:4      | Reached skill level 1 in Stealth
  2507 | D:4      | Reached XP level 5. HP: 45/45 MP: 6/6
  2572 | D:4      | Found a sparkling altar of Nemelex Xobeh.
  2698 | D:4      | Noticed Ijyb
  2724 | D:4      | Killed Ijyb
  2800 | D:4      | Reached XP level 6. HP: 52/52 MP: 7/7
  2868 | D:4      | Noticed Robin
  2907 | D:4      | Killed Robin
  2976 | D:4      | Found Ekleepn's Jewellery Shoppe.
  2982 | D:4      | Noticed Edmund
  2997 | D:4      | Edmund changed into Edmund the killer bee
  2997 | D:4      | Noticed Edmund
  3005 | D:4      | Killed Edmund the killer bee
  3551 | D:5      | Entered Level 5 of the Dungeon
  3553 | D:5      | Found a stormy altar of Qazlal.
  3553 | D:5      | Noticed a sky beast
  3600 | D:4      | Killed a sky beast
  3667 | D:5      | Your scales start taking on a fiery red colour.
  3667 | D:5      | Reached XP level 7. HP: 60/60 MP: 8/8
  3667 | D:5      | Gained mutation: Your flesh is heat resistant. (rF+) [Red
                  | Draconian growth]
  3758 | D:5      | Reached skill level 5 in Fighting
  4038 | D:5      | You fall into a shaft and drop 2 floors!
  4038 | D:7      | Found a staircase to the Ecumenical Temple.
  4041 | Temple   | Entered the Ecumenical Temple
  4074 | Temple   | Became a worshipper of Zin the Law-Giver
  4074 | Temple   | Reached * piety under Zin
  4170 | D:7      | Found a shimmering blue altar of Sif Muna.
  4220 | D:7      | Found a burning altar of Makhleb.
  4273 | D:7      | Reached skill level 1 in Long Blades
  4309 | D:7      | Reached XP level 8. HP: 69/70 MP: 9/9
  4367 | D:7      | Reached skill level 1 in Invocations
  4420 | D:7      | Reached ** piety under Zin
  4527 | D:7      | Found a flagged portal.
  4588 | Bailey   | Entered a bailey
  4641 | Bailey   | Reached *** piety under Zin
  4736 | Bailey   | Noticed an orc knight
  4762 | Bailey   | Killed an orc knight
  4763 | Bailey   | Reached skill level 5 in Dodging
  4763 | Bailey   | Reached skill level 5 in Stealth
  4764 | Bailey   | Reached XP level 9. HP: 48/78 MP: 9/11
  4801 | Bailey   | Noticed an orc knight
  4902 | Bailey   | Killed an orc knight
  4903 | Bailey   | Reached skill level 5 in Long Blades
  5231 | D:7      | Found a runed translucent door.
  5232 | D:7      | Noticed Crazy Yiuf
  5804 | D:6      | Found a white marble altar of Elyvilon.
  5804 | D:6      | Found a hide-covered altar of Uskayaw.
  5872 | D:6      | Noticed Prince Ribbit
  5912 | D:6      | Killed Prince Ribbit
  5974 | D:6      | Found Ugydy's Overcharged Wands.
  6050 | D:6      | Reached XP level 10. HP: 84/86 MP: 13/13
  6905 | D:7      | Killed Crazy Yiuf
  7011 | D:8      | Found an iron altar of Okawaru.
  7109 | D:8      | Learned a level 2 spell: Blink
  7146 | D:8      | Noticed Psyche
  7154 | D:8      | Killed Psyche
  7155 | D:8      | Reached skill level 5 in Invocations
  7191 | D:8      | Reached **** piety under Zin
  7353 | D:8      | Reached skill level 1 in Translocations
  7669 | D:8      | Found an ancient bone altar of Kikubaaqudgha.
  7830 | D:8      | Noticed Maurice
  7839 | D:8      | Maurice stole 4 throwing nets
  7842 | D:8      | Maurice stole 296 gold
  7843 | D:8      | Killed Maurice
  8261 | D:9      | Found a shadowy altar of Dithmenos.
  8268 | D:9      | Found an opulent altar of Gozag.
  8665 | D:9      | Found a transporter.
  8668 | D:9      | Found a transporter.
  8669 | D:9      | Found a bloodstained altar of Trog.
  8681 | D:9      | Noticed seawaffle's ghost (journeyman MiFi)
  8695 | D:9      | Noticed a tengu warrior
  8738 | D:9      | Reached ***** piety under Zin
  9079 | D:10     | Entered Level 10 of the Dungeon
  9097 | D:10     | Learned a level 2 spell: Lesser Beckoning
  9100 | D:10     | Learned a level 2 spell: Momentum Strike
  9164 | D:10     | Found a large runed translucent door.
  9164 | D:10     | Found a large runed translucent door.
  9169 | D:10     | Noticed Zrthp's ghost (journeyman HOMo)
  9290 | D:10     | Paralysed by a hornet for 1 turns
  9293 | D:10     | Paralysed by a hornet for 3 turns
  9301 | D:10     | Reached XP level 11. HP: 28/94 MP: 12/15
  9533 | D:10     | Learned a level 4 spell: Manifold Assault
 10000 | D:11     | Noticed a deep elf pyromancer
 10005 | D:11     | Killed a deep elf pyromancer
 10038 | D:11     | Noticed a two-headed ogre
 10047 | D:11     | Killed a two-headed ogre
 10103 | D:11     | Found a radiant altar of Vehumet.
 10123 | D:11     | Noticed a boulder beetle
 10165 | D:11     | Killed a boulder beetle
 10224 | D:11     | Noticed an oklob plant
 10231 | D:11     | Found a staircase to the Lair.
 10231 | D:11     | Noticed an oklob plant
 10264 | D:11     | Killed an oklob plant
 10296 | D:11     | Killed an oklob plant
 10327 | D:11     | Found a portal to a secret trove of treasure.
 10335 | D:11     | Noticed a red ugly thing
 10362 | D:11     | Killed a red ugly thing
 10409 | D:11     | Found a staircase to the Orcish Mines.
 10532 | D:11     | Reached ****** piety under Zin
 11038 | Lair:1   | Entered Level 1 of the Lair of Beasts
 11201 | Lair:1   | Reached skill level 5 in Translocations
 11450 | Lair:1   | Reached XP level 12. HP: 90/101 MP: 18/18
 12371 | Lair:2   | Noticed Maggie
 12468 | Lair:2   | Killed Maggie
 12594 | Lair:2   | Reached skill level 10 in Long Blades
 12780 | Lair:2   | Noticed an eight-headed hydra
 12789 | Lair:2   | Found the +1 robe of Vines {NoPotionHeal Regen++++}
 12793 | Lair:2   | Killed a six-headed hydra
 12795 | Lair:2   | Noticed a four-headed hydra
 12810 | Lair:2   | Killed a three-headed hydra
 13248 | Lair:2   | Reached skill level 10 in Invocations
 13439 | Lair:3   | Found the +4 skin of Zhor {*Englaciate rC+++ SInv}
 13558 | Lair:3   | Found a sparkling altar of Nemelex Xobeh.
 13602 | Lair:3   | Noticed a boulder beetle
 13630 | Lair:3   | Killed a boulder beetle
 13747 | Lair:3   | Reached XP level 13. HP: 61/108 MP: 20/20
 13890 | Lair:3   | Noticed Amaemon
 13934 | Lair:3   | Killed Amaemon
 14152 | Lair:3   | Found a staircase to the Snake Pit.
 15115 | Lair:4   | Reached XP level 14. HP: 118/118 MP: 22/22
 15568 | Lair:4   | Found a runed translucent door.
 15632 | Lair:4   | Slain by a dire elephant

Illustrated notes

Levels and vault maps discovered:
D:1:      minmay_arrival_stair_chambers, layout_loops_ring,
          nicolae_figureground_sparkle
D:2:      layout_basic, minmay_heptomino_w4
D:3:      minmay_angry_zag, layout_loops_ring, fedhas_altar_1, kennysheep_boxes
D:4:      layout_basic, nemelex_dance_club_becter,
          minmay_shop_enchanted_jewellery, uniq_edmund, uniq_robin, uniq_ijyb
D:5:      layout_rooms, nicolae_qazlal_beasts_of_the_sky
D:6:      layout_loops_corners, gammafunk_temple_overflow_pools,
          nicolae_shop_overcharged_wands, uniq_prince_ribbit1
D:7:      layout_loops_corners, makhleb_grotto_becter, led_sif_book,
          minmay_temple_entry_glass, enter_bailey_8, chequers_arboretum,
          uniq_crazy_yiuf_cottage
D:8:      layout_loops_corners, mainiacjoe_overflow_boulevard,
          hellmonk_okawaru_the_only_friend_you_need, uniq_maurice, uniq_psyche
D:9:      layout_loops_corners, minitemple, gammafunk_ghost_wrathful_warriors,
          minmay_misc_feat_secret_circle, reono_crystal_passage
D:10:     layout_irregular_city, ebering_ghost_disaster_area
D:11:     layout_loops_ring, dpeg_oklobed_lair, zombieorc2_lemuel,
          nicolae_trove_entry_free_sample, vehumet_statue
Temple:   grunt_temple_mini_profane
Lair:1:   layout_gridlike, hibernation_bobbens, grunt_megastairs_5
Lair:2:   layout_roguey, nicolae_shoals_entry_flooding,
          hellmonk_guarded_unrand_vines, uniq_maggie
Lair:3:   layout_cave_pods, nicolae_snake_entry_warm_welcome, basic_altar,
          hellmonk_guarded_unrand_zhor, uniq_amaemon
Lair:4:   gammafunk_lair_enchanted_lake, layout_loops_ring

Skill      XL: |  1  2  3  4  5  6  7  8  9 10 11 12 13 |
---------------+----------------------------------------+-----
Fighting       | 1 2 3 4 5 6 7 8 9 |  9.8
Stealth        | 1 2 3 4 5 6 7 8 |  8.0
Dodging        | 2 3 4 5 6 7 8 9 |  9.3
Polearms       | 6 |  6.0
Long Blades    | 1 4 6 7 9 10 11 | 11.8
Invocations    | 3 4 6 8 10 11 | 11.5
Translocations | 3 5 8 9 |  9.5
Evocations     | 4 |  4.0
Short Blades   | |  1.0
Spellcasting   | |  1.0

Action                     |  1- 3 |  4- 6 |  7- 9 | 10-12 | 13-15 || total
---------------------------+-------+-------+-------+-------+-------++-------
  Melee: Spear             |   112 |   220 |   180 |       |       ||   512
         Tailslap          |    11 |    28 |    62 |   147 |    46 ||   294
         Punch             |       |     3 |     5 |    11 |     4 ||    23
         Long sword        |       |       |   133 |   799 |   228 ||  1160
   Cast: Blink             |       |       |       |     4 |     3 ||     7
         Lesser Beckoning  |       |       |       |     1 |     3 ||     4
         Manifold Assault  |       |       |       |       |     8 ||     8
         Momentum Strike   |       |       |       |       |     3 ||     3
 Invoke: Recite            |       |       |     4 |    11 |       ||    15
         Vitalisation      |       |       |       |     1 |       ||     1
Ability: Breathe Fire      |       |       |    18 |    28 |     7 ||    53
  Evoke: Wand              |       |     5 |     5 |     2 |       ||    12
         Lightning rod     |       |       |       |     2 |       ||     2
    Use: Potion            |       |     5 |     2 |       |     1 ||     8
         Scroll            |       |       |     4 |     3 |     3 ||    10
   Stab: Sleeping          |     3 |    20 |     7 |    25 |     3 ||    58
         Confused          |       |       |     2 |       |       ||     2
         Invisible         |       |       |       |     2 |       ||     2
         Distracted        |       |       |       |     2 |       ||     2
 Armour: Skin              |    33 |    77 |   161 |   413 |   120 ||   804
  Dodge: Dodged            |    40 |    92 |   231 |   803 |   204 ||  1370
